 Dungeon Crawl Stone Soup version 0.21-a0-442-g848f44b (webtiles) character file.

147 TBDF12 the Insei (level 5, -7/41 HPs)
             Began as a Draconian Transmuter on Nov 14, 2017.
             Was an Initiate of Kikubaaqudgha.
             Killed by divine providence
             ... invoked by an orc priest
              (16 damage)
             ... on level 3 of the Dungeon.
             The game lasted 00:18:34 (1644 turns).

TBDF12 the Insei (Draconian Transmuter)             Turns: 1644, Time: 00:18:34

Health: -7/41      AC:  6    Str: 12    XL:     5   Next: 7%
Magic:  8/8        EV: 18    Int: 14    God:    Kikubaaqudgha [......]
Gold:   55         SH:  0    Dex: 17    Spells: 3/9 levels left

rFire    . . .     SeeInvis .   f - +1 short sword
rCold    . . .     Gourm    .   (no shield)
rNeg     . . .     Faith    .   (armour unavailable)
rPois    .         Spirit   .   (helmet restricted)
rElec    .         Reflect  .   (no cloak)
rCorr    .         Harm     .   g - +0 pair of gloves
MR       .....                  (no boots)
Stlth    +++.......             j - amulet of regeneration
HPRegen  0.53/turn              (no ring)
MPRegen  0.11/turn              (no ring)

@: agile
A: unfitting armour, cold-blooded, AC +5
a: Renounce Religion


You were on level 3 of the Dungeon.
You worshipped Kikubaaqudgha.
Kikubaaqudgha was noncommittal.
You were not hungry.

You visited 1 branch of the dungeon, and saw 3 of its levels.

You collected 55 gold pieces.

Inventory:

Hand Weapons
 f - a +1 short sword (weapon)
Missiles
 a - 12 arrows (quivered)
 d - 23 bolts
 i - 57 stones
Armour
 g - a +0 pair of gloves (worn)
Jewellery
 j - an amulet of regeneration (around neck)
Potions
 l - 2 potions of degeneration
 m - a potion of magic
Books
 b - a book of Changes

   Spells                             Type                      Level
   a - Beastly Appendage              Transmutation                1
   b - Sticks to Snakes               Transmutation                2
   c - Spider Form                    Transmutation/Poison         3
   d - Ice Form                       Ice/Transmutation            4
   e - Blade Hands                    Transmutation                5
Comestibles
 c - a bread ration
 h - 2 royal jellies
 k - 2 meat rations
 o - 3 fruits


   Skills:
 + Level 2.1 Fighting
 + Level 2.1 Short Blades
 + Level 2.7 Dodging
 + Level 0.2 Stealth
 + Level 3.4 Unarmed Combat
 + Level 2.6 Spellcasting
 + Level 2.4 Transmutations


You had 3 spell levels left.
You knew the following spells:

 Your Spells              Type           Power        Failure   Level  Hunger
a - Beastly Appendage     Tmut           #.....       9%          1    #......
b - Sticks to Snakes      Tmut           #.......     12%         2    ###....
c - Spider Form           Tmut/Pois      #.........   38%         3    ###....


Dungeon Overview and Level Annotations

Branches:
Dungeon (3/15)

Altars:
Kikubaaqudgha
Vehumet


Innate Abilities, Weirdness & Mutations

Your plain brown scales are hard. (AC +5)
You cannot fit into any form of body armour.
You are cold-blooded and may be slowed by cold attacks.


Message History

The orc priest hits you but does no damage.
The orc completely misses you.
You hit the orc priest but do no damage.
The orc priest is moderately wounded.
The orc priest misses you. The orc completely misses you.
You hit the orc priest. You tail-slap the orc priest.
The orc priest is severely wounded.
The orc priest mumbles some strange prayers to Beogh against you.
Beogh smites you!
* * * LOW HITPOINT WARNING * * *
The orc misses you.
You hit the orc priest but do no damage.
The orc priest is severely wounded.
The orc priest closely misses you. The orc barely misses you.
You barely miss the orc priest.
The orc priest is severely wounded.
The orc priest invokes the aid of Beogh against you.
Beogh smites you!
You die...
Kikubaaqudgha rasps: "You have failed me!
Welcome... death!"

#.#..................
#.#.#################
#.#.# #...# #.#.#
#...#
#######.#.########
#...#
#................#
#...#
..#.#............#
#...#
.................##
#...#
..#.#....o@........
.....
......#.#o#########
#.... .##.....#o##..
#.... ...#...#.##.#
#....
##.#.#.#.##.#####
#.... #.# #.##.....#
#....
#.#.#.#.##o...#####
#.###
#..................
###.#.#.###o...####


You could see 2 orc priests and an orc.

Vanquished Creatures
  2 orc wizards (D:3)
  3 adders
  An ooze (D:2)
  2 worms (D:2)
  2 leopard geckos
  5 orcs (D:3)
  3 bats
  4 giant cockroaches
  5 goblins
  2 hobgoblins
  3 jackals (D:1)
  A quokka (D:3)
  4 frilled lizards
  3 kobolds
  8 rats
48 creatures vanquished.

Notes
Turn   | Place    | Note
-------+----------+-------------------------------------------
     0 | D:1      | TBDF12 the Draconian Transmuter began the quest for the Orb.
     0 | D:1      | Reached XP level 1. HP: 16/16 MP: 3/3
   317 | D:1      | Reached XP level 2. HP: 19/23 MP: 5/5
   928 | D:2      | Reached XP level 3. HP: 26/28 MP: 6/6
  1166 | D:2      | Reached skill level 1 in Short Blades
  1213 | D:2      | Found an ancient bone altar of Kikubaaqudgha.
  1232 | D:2      | Learned a level 2 spell: Sticks to Snakes
  1236 | D:2      | Learned a level 3 spell: Spider Form
  1247 | D:2      | Became a worshipper of Kikubaaqudgha
  1311 | D:2      | Found a radiant altar of Vehumet.
  1474 | D:3      | Reached XP level 4. HP: 35/36 MP: 5/7
  1575 | D:3      | Reached XP level 5. HP: 23/41 MP: 3/8
  1644 | D:3      | Killed from afar by an orc priest

Vault maps used:
D:1:      minmay_arrival_split_and_join, grunt_decor_one_mirror
D:2:      kiku_gazebo_garden_becter, nicolae_overflow_crystal_walls,
          first_bread, kennysheep_small_spiral
D:3:      nicolae_overflow_hidden_temple, lemuel_zombie_altar_yredelemnul,
          grunt_dithmenos_smoke_and_mirrors, serial_co_window_serial,
          co_window_paths_a, co_window_paths_a, co_window_paths_b,
          co_window_of_opportunity_a, co_window_corner_a, co_window_paths_b,
          co_window_corner_a, co_window_paths_c, co_window_unsneaky_path_a,
          co_window_unsneaky_path_b, glass_columns_b, glass_columns_a,
          glass_columns_b, glass_columns_a

Skill      XL: |  1  2  3  4 |
---------------+-------------+-----
Dodging        | 2 |  2.7
Short Blades   | 1 2 |  2.1
Fighting       | 2 |  2.1
Stealth        | |  0.2
Unarmed Combat | |  3.4
Spellcasting   | |  2.6
Transmutations | |  2.4

Action                   |  1- 3 |  4- 6 || total
-------------------------+-------+-------++-------
Melee: Short sword       |   155 |    45 ||   200
       Unarmed           |    10 |     6 ||    16
       Tailslap          |    18 |     6 ||    24
       Punch             |     2 |       ||     2
       Headbutt          |     1 |       ||     1
 Cast: Beastly Appendage |     3 |       ||     3
       Spider Form       |       |     1 ||     1
  Use: Scroll            |     3 |     3 ||     6
       Potion            |     1 |     2 ||     3
  Eat: Bread ration      |     1 |       ||     1
Armor: Skin              |    46 |    12 ||    58
Dodge: Dodged            |   102 |    36 ||   138

Table legend:
 A = Spawn XP
 B = Non-spawn XP
 C = Spawn XP percentage of total XP
 D = Spawn monster count
 E = Non-spawn monster count
 F = Spawn count percentage of total count
 G = Total turns spent on level
                    A         B        C        D         E        F      G
               +---------+---------+-------+---------+---------+-------+---------
         Total |       0 |     210 |   0.0 |       0 |      48 |   0.0 |  1644
               +---------+---------+-------+---------+---------+-------+---------
           D:1 |       0 |      27 |   0.0 |       0 |      17 |   0.0 |   739
           D:2 |       0 |      67 |   0.0 |       0 |      18 |   0.0 |   708
           D:3 |       0 |     116 |   0.0 |       0 |      13 |   0.0 |   197
               +---------+---------+-------+---------+---------+-------+---------
